 Dungeon Crawl Stone Soup version 0.27-a0-1442-g87b6fcb595 (webtiles) character file.

Game seed: 2667482200690686456

80 hatdisgam the Digger (level 4, 0/30 HPs)
             Began as a Formicid Earth Elementalist on July 5, 2021.
             Slain by a black bear (3 damage)
             ... on level 4 of the Dungeon.
             The game lasted 00:02:29 (774 turns).

hatdisgam the Digger (Formicid Earth Elementalist)   Turns: 774, Time: 00:02:29

Health: 0/30       AC:  2    Str: 13    XL:     4   Next: 65%
Magic:  1/8        EV: 12    Int: 15    God:
Gold:   58         SH:  0    Dex: 11    Spells: 8/9 levels left

rFire    . . .     SeeInvis +   d - +0 quarterstaff
rCold    . . .     Faith    .   (no shield)
rNeg     . . .     Spirit   .   b - +0 robe
rPois    .         Reflect  .   (helmet unavailable)
rElec    .         Harm     .   (no cloak)
rCorr    .         Rampage  .   (no gloves)
Will     .....                  (no boots)
Stlth    ++........             (no amulet)
HPRegen  0.10/turn              (no ring)
MPRegen  0.11/turn              (no ring)

@: no status effects
A: permanent stasis, dig shafts and tunnels, antennae 3, four strong arms
a: Dig, Shaft Self


You were on level 4 of the Dungeon.
You visited 1 branch of the dungeon, and saw 3 of its levels.

You collected 58 gold pieces.

Inventory:

Hand Weapons
 d - a +0 quarterstaff (weapon)
Missiles
 c - 45 stones
Armour
 b - a +0 robe (worn)
Potions
 a - a potion of attraction {unknown}


   Skills:
 - Level 1.7 Dodging
 - Level 2.4 Stealth
 + Level 3.1 Spellcasting
 - Level 1.1 Transmutations
 * Level 5.4 Earth Magic


You had 8 spell levels left.
You knew the following spells:

 Your Spells              Type           Power      Damage    Failure   Level
a - Sandblast             Erth           36%        2d10      1%          1

Your spell library contained the following spells:

 Spells                   Type           Power      Damage    Failure   Level
 Passwall                 Tmut/Erth      10%        N/A       8%          2
 Stone Arrow              Conj/Erth      20%        3d8       19%         3
 Petrify                  Tmut/Erth      12%        N/A       45%         4


Dungeon Overview and Level Annotations

Branches:
Dungeon (1/15)

Altars:


Innate Abilities, Weirdness & Mutations

You cannot be hasted, slowed, berserked, paralysed or teleported.
You can dig through walls and to a lower floor.
You have a pair of large antennae on your head. (SInv)
Your four strong arms can wield two-handed weapons with a shield.


Message History

Casting: Sandblast (safe; 1% risk of failure)
Confirm with . or Enter, or press ? or * to list all spells.
Aiming: Sandblast (safe; 1% risk of failure)
Press: ? - help, Shift-Dir - straight line, f/p - black bear
Aim: a black bear (moderately wounded, 85% to hit)
The blast of sand hits the black bear but does no damage.
The black bear is moderately wounded.
The black bear bites you. The black bear barely misses you.
The black bear claws you.
Casting: Sandblast (safe; 1% risk of failure)
Confirm with . or Enter, or press ? or * to list all spells.
Aiming: Sandblast (safe; 1% risk of failure)
Press: ? - help, Shift-Dir - straight line, f/p - black bear
Aim: a black bear (moderately wounded, 85% to hit)
The blast of sand hits the black bear but does no damage.
The black bear is moderately wounded.
The black bear bites you. The black bear misses you. The black bear claws you.
Unknown command.
Casting: Sandblast (safe; 1% risk of failure)
Confirm with . or Enter, or press ? or * to list all spells.
Aiming: Sandblast (safe; 1% risk of failure)
Press: ? - help, Shift-Dir - straight line, f/p - black bear
Aim: a black bear (moderately wounded, 85% to hit)
The blast of sand hits the black bear.
The black bear is moderately wounded.
The black bear barely misses you. The black bear claws you.
* * * LOW HITPOINT WARNING * * *
The black bear claws you.
* * * LOW HITPOINT WARNING * * *
Unknown command.
Unknown command.
Casting: Sandblast (safe; 1% risk of failure)
Confirm with . or Enter, or press ? or * to list all spells.
Aiming: Sandblast (safe; 1% risk of failure)
Press: ? - help, Shift-Dir - straight line, f/p - black bear
Aim: a black bear (moderately wounded, 85% to hit)
The blast of sand hits the black bear.
The black bear is heavily wounded.
The black bear bites you.
You die...

####†...........##.
#....########......
#..###### #.......
##......####.......
######..............
#.........†.........
#......####...####..
###.............#...
#@########..#..... #h#
##........ #.#
#.........
#..........?...........
#.../.>.........####....
...............## ..###
............... ..##
...............
..........!....


You could see a black bear.

Vanquished Creatures
  A water moccasin skeleton (D:4)
  An iguana (D:4)
  A worm (D:4)
  2 ball pythons
  2 endoplasms (D:4)
  A giant cockroach (D:4)
  A quokka (D:1)
  A bat (D:1)
10 creatures vanquished.

Notes
Turn   | Place    | Note
-------+----------+-------------------------------------------
     0 | D:1      | hatdisgam the Formicid Earth Elementalist began the quest
                  | for the Orb.
     0 | D:1      | Reached XP level 1. HP: 13/13 MP: 3/3
    44 | D:1      | You fall into a shaft and drop 1 floor!
    52 | D:2      | You fall into a shaft and drop 2 floors!
   347 | D:4      | Noticed an iguana
   394 | D:4      | Killed an iguana
   395 | D:4      | Reached skill level 4 in Earth Magic
   395 | D:4      | Reached XP level 2. HP: 19/19 MP: 0/5
   395 | D:4      | Reached XP level 3. HP: 24/24 MP: 0/7
   601 | D:4      | Reached skill level 5 in Earth Magic
   601 | D:4      | Reached XP level 4. HP: 23/30 MP: 2/8
   693 | D:4      | Noticed a black bear
   774 | D:4      | Slain by a black bear

Illustrated notes

Levels and vault maps discovered:
D:1:      ncdulo_watergridlock, layout_rooms, chequers_ecumenical_altar_island
D:2:      layout_rooms, serial_shops, nicolae_shop_statue_plus
D:4:      layout_rooms, gammafunk_temple_overflow_claw

Skill      XL: |  1  2  3 |
---------------+----------+-----
Earth Magic    | 4 5 |  5.4
Spellcasting   | 3 |  3.1
Dodging        | |  1.7
Stealth        | |  2.4
Transmutations | |  1.1

Action                   |  1- 3 |  4- 6 || total
-------------------------+-------+-------++-------
Melee: Unarmed           |     1 |       ||     1
       Quarterstaff      |       |     2 ||     2
 Cast: Sandblast         |    20 |    11 ||    31
 Abil: Shaft Self        |     2 |       ||     2
Armor: Robe              |     2 |     1 ||     3
Dodge: Dodged            |    13 |     7 ||    20

Table legend: (Time is in decaauts)
 A = Elapsed time spent in this place.
 B = Non-inter-level travel time spent in this place.
 C = Inter-level travel time spent in this place.
 D = Time resting spent in this place.
 E = Time spent auto-exploring this place.
 F = Levels seen in this place.
 G = Mean time per level.
                   A        B        C        D        E       F      G
               +--------+--------+--------+--------+--------+-----+--------+
         Total |    774 |    774 |      0 |    362 |    195 |   3 |  258.0 |
       Dungeon |    774 |    774 |      0 |    362 |    195 |   3 |  258.0 |
               +--------+--------+--------+--------+--------+-----+--------+

Top non-repeatable levels by time:
     D:4: 721 daAuts
     D:1: 44 daAuts
     D:2: 7 daAuts
